 Dungeon Crawl Stone Soup version 0.16.2-12-gd0ad4c3 (webtiles) character file.

151 Inchmeat the Firebug (level 5, -2/28 HPs)
             Began as a Deep Elf Fire Elementalist on Oct 18, 2015.
             Killed from afar by a white imp (10 damage)
             ... with a puff of frost
             ... summoned by Natasha
             ... on level 3 of the Dungeon.
             The game lasted 00:08:00 (2232 turns).

Inchmeat the Firebug (Deep Elf Fire Elementalist)   Turns: 2232, Time: 00:08:00

Health: -2/28      AC:  4    Str:  5    XL:     5   Next: 10%
Magic:  18/25      EV: 13    Int: 21    God:
Gold:   121        SH:  0    Dex: 15    Spells: 3 memorised, 1 level left

rFire  . . .     SeeInvis .     n - +3 whip (elec)
rCold  . . .     Clarity  .     a - +0 robe
rNeg   . . .     SustAb   .     (no shield)
rPois  .         Gourm    .     (no helmet)
rElec  .         Spirit   .     (no cloak)
rCorr  .         Warding  .     l - +1 pair of gloves
rMut   .         Stasis   .     (no boots)
MR     .....                    (no amulet)
Stlth  ++........               j - ring of magical power
                                g - ring of wizardry

@: slowed, very slow, not resistant to hostile enchantments, unstealthy
A: no striking features
a: no special abilities


You were on level 3 of the Dungeon.
You were hungry.

You visited 1 branch of the dungeon, and saw 3 of its levels.

You collected 121 gold pieces.

Inventory:

Hand weapons
 n - a +3 whip of electrocution (weapon)
Armour
 a - a +0 robe (worn)
 l - a +1 pair of gloves (worn)
Jewellery
 g - a ring of wizardry (left hand)
 j - a ring of magical power (right hand)
 m - a +4 ring of slaying
 o - an uncursed ring of positive energy
Scrolls
 e - a scroll of amnesia {unknown}
 f - a scroll of blinking {unknown}
 p - a scroll of fear {unknown}
 r - 2 scrolls of teleportation {unknown}
 t - a scroll of remove curse {unknown}
Potions
 d - a potion of curing
 h - 2 potions of magic
 q - a potion of might
 s - a potion of heal wounds {unknown}
 u - a potion of ambrosia {unknown}
Books
 b - a book of Flames

   Spells                             Type                      Level
   a - Flame Tongue                   Conjuration/Fire             1
   b - Throw Flame                    Conjuration/Fire             2
   c - Conjure Flame                  Conjuration/Fire             3
   d - Inner Flame                    Hexes/Fire                   3
   e - Sticky Flame                   Conjuration/Fire             4
   f - Fireball                       Conjuration/Fire             5
Comestibles
 c - 3 bread rations
 i - 5 fruits
 k - 2 meat rations
 v - 2 chunks of flesh


   Skills:
 - Level 2.4 Dodging
 - Level 2.4 Stealth
 - Level 3.0 Spellcasting
 * Level 3.4 Conjurations
 + Level 5.4 Fire Magic


You had one spell level left.
You knew the following spells:

 Your Spells              Type           Power        Failure   Level  Hunger
a - Flame Tongue          Conj/Fire      ###..        1%          1    None
b - Conjure Flame         Conj/Fire      ###.....     4%          3    ###....
c - Fireball              Conj/Fire      ###.......   34%         5    ######.


Dungeon Overview and Level Annotations

Branches:
Dungeon (3/15)

Altars:

Annotations:
D:2 Sigmund
D:3 Natasha


Message History

The puff of frost hits you!
* * * LOW HITPOINT WARNING * * *
Casting: Flame Tongue
Confirm with . or Enter, or press ? or * to list all spells.
Aiming: Flame Tongue
Press: ? - help, Shift-Dir - straight line, f/p - Natasha
Aim: Natasha (moderately wounded)
The flame tongue hits the white imp.
The white imp is burned terribly!
The white imp is almost dead.
Natasha wildly gestures.
You feel disoriented. The white imp hits you.
* * * LOW HITPOINT WARNING * * *
The white imp freezes you.
* * * LOW HITPOINT WARNING * * *
Drink which item? (? for menu, Esc to quit)
You feel better. The white imp gestures at you. The puff of frost hits you!
You die...

####................##..PPPP.
#####....................'..P...P
....'....................#..P...P
#####....................#.†....P
....'....................#..PPPPP
#####.........##'#######.#.....#.
#####.........##.# #†#.....#.
...(.#.........#.# #†####..#.
####.###.#######@# #.# ##>#.
####.#....... #5# #.# ###.
......#..### #h# #.# . ####..#..#
#.# #.# . #..#..###.###5# #.#
####..#.........5# #.#
...<..#.####.##### #.# # ####..#
#.# #. #....# #.# #.


You could see an iron imp, Natasha and 2 white imps.

Vanquished Creatures
  An orc wizard (D:3)
  2 gnolls (D:3)
  An adder (D:3)
  2 giant mites (D:2)
  2 worms
  2 giant geckos
  4 orcs (D:3)
  6 bats
  4 goblins
  3 hobgoblins (D:2)
  13 jackals
  5 kobolds
  A quokka (D:3)
  6 giant cockroaches
  5 giant newts
  3 rats
  2 fungi (D:3)
62 creatures vanquished.

Notes
Turn   | Place    | Note
--------------------------------------------------------------
     0 | D:1      | Inchmeat, the Deep Elf Fire Elementalist, began the quest for the Orb.
     0 | D:1      | Reached XP level 1. HP: 10/10 MP: 5/5
   188 | D:1      | Reached XP level 2. HP: 15/15 MP: 4/8
   501 | D:1      | Reached skill level 4 in Fire Magic
  1046 | D:2      | Reached XP level 3. HP: 19/19 MP: 10/10
  1479 | D:2      | Noticed Sigmund
  1511 | D:3      | Learned a level 3 spell: Conjure Flame
  1625 | D:3      | Reached XP level 4. HP: 24/24 MP: 13/13
  1838 | D:3      | Reached skill level 5 in Fire Magic
  1847 | D:3      | HP: 1/24 [orc/dagger (3)]
  2056 | D:3      | Reached XP level 5. HP: 19/28 MP: 10/16
  2065 | D:3      | Learned a level 5 spell: Fireball
  2215 | D:3      | Noticed Natasha
  2232 | D:3      | Killed from afar by a white imp

Action                   |  1- 3 |  4- 6 || total
-------------------------+-------+-------++-------
Melee: Whip              |     1 |    16 ||    17
 Cast: Flame Tongue      |    67 |    63 ||   130
  Use: Scroll            |     5 |       ||     5
       Potion            |       |     3 ||     3
  Eat: Chunk             |     2 |     1 ||     3
